Map: Ever Dream LE

Players

Robbie (Rob) - Winner!

  • Race: Protoss Protoss
  • League: Grandmaster
  • Spawn Location: 7:00

LiquidTLO (TLO)

  • Race: Zerg Zerg
  • League: Master
  • Spawn Location: 1:00

Event: DreamHack SC2 Masters 2020 Fall

VOD

Have the link to the VOD?

Description

Time

  • Played on: Sept. 2, 2020, 7:07 p.m.
  • Length: 11:12

All games in this series

Show
View Real Time Build Order
Export as new Build Order

Robbie Protoss - Winner!

Build Orders: 1 Gate Expand, Mass Adepts 

Get SALT Encoding   

  12  0:00  Probe  
  13  0:12  Probe  
  14  0:19  Pylon  
  14  0:24  Probe  
  15  0:37  Gateway  
  15  0:38  Probe (Chrono Boost)  
  16  0:46  Probe (Chrono Boost)  
  16  0:47  Assimilator  
  17  0:52  Probe  
  18  1:04  Probe  
  19  1:16  Probe  
  20  1:25  Nexus  
  20  1:26  Unknown  
  20  1:27  Unknown x2  
  20  1:34  Cybernetics Core  
  20  1:37  Probe (Chrono Boost)  
  21  1:46  Probe (Chrono Boost)  
  22  1:49  Assimilator  
  22  1:51  Probe (Chrono Boost)  
  23  1:55  Pylon  
  23  2:10  Adept (Chrono Boost)  
  23  2:13  Probe  
  23  2:14  Warp Gate  
  26  2:25  Twilight Council, Probe  
  27  2:35  Stalker  
  29  2:39  Probe (Chrono Boost)  
  29  2:42  Probe (Chrono Boost)  
  31  2:48  Probe (Chrono Boost)  
  33  2:51  Probe (Chrono Boost)  
  33  2:55  Robotics Facility, Probe  
  34  3:03  Gateway, Probe  
  35  3:10  Adept  
  37  3:20  Gateway  
  37  3:21  Gateway  
  37  3:24  Probe  
  37  3:25  Resonating Glaives (Chrono Boost), Probe  
  39  3:34  Pylon  
  39  3:36  Probe  
  39  3:37  Probe  
  41  3:44  Warp Prism (Chrono Boost)  
  43  3:49  Probe x2  
  45  3:57  Pylon  
  45  4:02  Adept x2  
  49  4:04  Probe x2  
  51  4:19  Pylon  
  51  4:24  Adept x4  
  53  4:28  Assimilator, Probe x2  
  53  4:30  Pylon  
  61  4:40  Probe x2  
  63  4:50  Adept x4  
  71  4:58  Probe x2  
  71  5:09  Nexus  
  71  5:13  Adept x4  
  77  5:17  Probe  
  77  5:18  Probe  
  77  5:28  Shield Battery  
  75  5:29  Immortal (Chrono Boost)  
  77  5:35  Assimilator  
  77  5:40  Probe x2  
  69  5:52  Probe x2  
  67  5:58  Immortal (Chrono Boost)  
  67  6:00  Shield Battery  
  67  6:01  Shield Battery  
  71  6:04  Probe x2  
  71  6:10  Sentry x2  
  77  6:16  Probe, Pylon x2  
  68  6:20  Zealot x2  
  72  6:27  Immortal (Chrono Boost), Probe  
  72  6:28  Probe  
  72  6:29  Probe  
  72  6:30  Blink (Chrono Boost)  
  79  6:39  Probe  
  80  6:40  Probe  
  80  6:41  Probe  
  80  6:43  Adept  
  84  6:51  Forge, Gateway x2, Probe  
  84  6:53  Probe x2  
  87  6:58  Immortal (Chrono Boost)  
  87  6:59  Assimilator  
  91  7:03  Probe  
  91  7:05  Probe x2  
  91  7:06  Sentry  
  91  7:07  Sentry  
  98  7:11  Assimilator  
  98  7:13  Pylon  
  98  7:17  Gateway  
  98  7:19  Probe x3  
  98  7:21  Gateway  
  98  7:22  Protoss Ground Weapons Level 1 (Chrono Boost)  
  101  7:30  Gateway  
  101  7:36  Stalker  
  101  7:37  Gateway  
  103  7:42  Immortal  
  107  7:45  Gateway  
  107  7:56  Stalker x3  
  107  7:58  Robotics Bay, Pylon  
  113  8:02  Sentry x2  
  117  8:09  Pylon  
  117  8:10  Pylon  
  117  8:22  Immortal (Chrono Boost)  
  121  8:29  Nexus  
  121  8:32  Pylon  
  121  8:35  Stalker x4  
  129  8:44  Stalker x3  
  135  8:53  Colossus (Chrono Boost)  
  141  8:57  Stalker x2  
  141  9:00  Photon Cannon  
  139  9:20  Stalker x6  
  144  9:45  Pylon  
  144  9:47  Pylon  
  144  9:49  Pylon  
  144  9:54  Pylon  
  144  9:56  Pylon  
  144  9:57  Pylon  
  144  10:03  Disruptor  
  144  10:04  Robotics Facility  
  144  10:06  Pylon  
  147  10:07  Assimilator x2  
  142  10:23  Stalker x4  
  142  10:28  Stalker  
  150  10:53  Stalker x4  
Show
View Real Time Build Order
Export as new Build Order

LiquidTLO Zerg 

Build Orders: Hatch First 

Get SALT Encoding   

  12  0:00  Drone  
  13  0:08  Drone  
  14  0:14  Extractor  
  14  0:15  Drone  
  15  0:37  Hatchery  
  14  0:43  Overlord  
  14  0:48  Extractor  
  14  0:49  Drone  
  14  0:53  Extractor  
  14  0:55  Drone  
  16  1:02  Drone  
  17  1:05  Extractor  
  17  1:06  Drone  
  17  1:18  Spawning Pool  
  17  1:21  Drone  
  17  1:27  Drone  
  17  1:30  Unknown  
  18  1:37  Drone  
  19  1:48  Drone  
  19  1:50  Drone  
  21  1:59  Drone  
  21  2:00  Drone  
  23  2:05  Metabolic Boost  
  23  2:06  Queen  
  25  2:10  Queen  
  27  2:16  Overlord  
  27  2:18  Zergling x2  
  28  2:24  Extractor x2  
  28  2:25  Drone x2  
  30  2:36  Drone, Zergling x2  
  32  2:45  Drone, Hatchery  
  32  2:51  Overlord  
  32  2:54  Drone x2  
  34  3:00  Queen  
  34  3:05  Overlord  
  36  3:11  Drone  
  37  3:15  Drone x2  
  37  3:17  Drone  
  37  3:18  Drone  
  41  3:23  Queen  
  41  3:25  Drone  
  44  3:27  Drone  
  45  3:36  Drone, Roach Warren  
  45  3:41  Drone  
  46  3:43  Queen  
  46  3:44  Extractor  
  46  3:48  Overlord  
  47  3:50  Drone  
  47  3:51  Overlord  
  47  3:53  Overlord  
  48  3:55  Drone  
  48  3:57  Drone  
  50  4:04  Overlord x2  
  50  4:08  Overlord  
  50  4:17  Roach  
  50  4:18  Roach  
  50  4:19  Drone  
  50  4:20  Drone  
  50  4:21  Roach x2  
  50  4:23  Roach  
  63  4:24  Zergling x2  
  63  4:27  Roach  
  63  4:28  Zergling x2  
  63  4:29  Zergling x2  
  67  4:33  Roach  
  69  4:39  Roach x2  
  69  4:40  Roach  
  75  4:48  Roach  
  75  4:51  Roach x3  
  75  4:52  Zergling x4  
  85  4:54  Roach  
  85  4:56  Roach  
  85  4:58  Drone  
  90  5:00  Roach  
  90  5:04  Roach  
  90  5:05  Roach  
  94  5:08  Roach  
  90  5:14  Roach  
  87  5:22  Roach  
  87  5:25  Drone  
  87  5:33  Drone  
  87  5:36  Zergling x2  
  87  5:38  Zergling x2  
  87  5:39  Zergling x4  
  87  5:42  Drone  
  92  5:43  Drone  
  92  5:45  Drone  
  92  5:48  Drone  
  90  5:51  Drone  
  90  5:54  Drone  
  90  5:56  Drone  
  91  6:00  Drone  
  91  6:01  Drone  
  93  6:04  Drone x2  
  93  6:07  Drone  
  93  6:09  Drone  
  93  6:11  Drone  
  97  6:12  Drone  
  98  6:24  Overlord  
  97  6:27  Extractor  
  97  6:28  Drone  
  97  6:30  Lair  
  97  6:41  Overlord  
  97  6:44  Drone x9  
  97  6:45  Drone, Extractor  
  106  6:48  Overlord  
  106  6:58  Overlord  
  106  6:59  Drone, Extractor  
  106  7:00  Drone x4  
  106  7:01  Extractor  
  109  7:02  Drone  
  109  7:03  Drone  
  109  7:04  Drone  
  109  7:06  Ravager x2  
  114  7:10  Drone x3  
  114  7:14  Drone  
  117  7:15  Drone  
  117  7:19  Roach  
  117  7:20  Roach  
  122  7:24  Drone x2  
  124  7:30  Glial Reconstitution  
  124  7:32  Roach  
  124  7:34  Roach  
  124  7:36  Overlord, Hatchery  
  127  7:42  Spire  
  128  7:44  Roach  
  128  7:47  Overlord  
  128  7:52  Overlord  
  128  7:54  Roach  
  128  7:56  Drone  
  128  7:58  Ravager x3  
  134  8:00  Drone x2  
  134  8:01  Drone, Overlord  
  134  8:03  Drone  
  138  8:07  Drone, Hydralisk Den  
  138  8:08  Drone, Evolution Chamber  
  138  8:10  Drone  
  139  8:13  Drone, Evolution Chamber  
  139  8:14  Drone  
  139  8:15  Drone, Ravager  
  142  8:20  Drone  
  142  8:22  Roach  
  142  8:24  Extractor  
  142  8:25  Overlord  
  144  8:27  Extractor  
  144  8:30  Overlord x2  
  144  8:31  Overlord  
  143  8:34  Overlord  
  143  8:39  Hydralisk  
  143  8:40  Grooved Spines  
  143  8:41  Infestation Pit  
  144  8:42  Hydralisk  
  144  8:47  Roach, Ravager  
  144  8:48  Roach, Ravager  
  149  8:50  Roach  
  153  8:56  Zerg Ground Armor Level 1, Zerg Missile Weapons Level 1  
  153  8:58  Roach  
  153  8:59  Roach  
  159  9:02  Roach  
  159  9:03  Roach  
  159  9:05  Roach  
  159  9:07  Roach  
  165  9:12  Roach x2  
  165  9:15  Roach x2  
  165  9:16  Roach  
  175  9:18  Roach  
  175  9:23  Hive  
  177  9:29  Roach  
  177  9:31  Roach  
  173  9:34  Roach  
  173  9:36  Roach x3  
  173  9:37  Roach  
  159  9:41  Roach  
  159  9:44  Hydralisk  
  148  9:46  Roach  
  148  9:51  Muscular Augments  
  150  9:56  Hatchery  
  150  9:59  Roach x2  
  149  10:01  Roach  
  149  10:02  Ravager x3  
  149  10:05  Roach  
  156  10:07  Roach  
  156  10:08  Roach  
  160  10:17  Roach  
  160  10:18  Roach  
  160  10:20  Roach x2  
  160  10:21  Roach x2  
  164  10:22  Roach  
  164  10:25  Roach  
  153  10:29  Ravager  
  153  10:30  Roach  

Tags
 
Add a new tag
Caveats
  • Supply blocks, unpowered buildings, or Contaminate may cause inaccurate times.
  • Supply counts are checked every 10 seconds.